 Dungeon Crawl Stone Soup version 0.28-a0-1567-g1695149f81 (webtiles) character file.

Game seed: 8086207402588808796

9062 snarfax the Severer (level 11, -2/91 HPs)
             Began as a Hill Orc Fighter on Jan 19, 2022.
             Was a Believer of Beogh.
             Shot with an arrow by a centaur (6 damage)
             ... on level 13 of the Dungeon.
             The game lasted 00:33:48 (11270 turns).

snarfax the Severer (Hill Orc Fighter)             Turns: 11270, Time: 00:33:49

Health: -2/91      AC: 22    Str: 24    XL:     11   Next: 40%
Magic:  11/11      EV:  7    Int:  8    God:    Beogh [**....]
Gold:   460        SH:  5    Dex: 16    Spells: 10/10 levels left

rFire   . . .      SeeInvis .   a - +1 war axe
rCold   . . .      Faith    .   c - +0 buckler
rNeg    . . .      Spirit   .   i - +0 plate armour
rPois   .          Reflect  .   (no helmet)
rElec   .          Harm     .   F - +0 cloak
rCorr   .          Rampage  .   b - +0 pair of gloves
Will    .....                   (no boots)
Stlth   ..........              (no amulet)
HPRegen 0.25/turn               w - +6 ring of dexterity
MPRegen 0.12/turn               v - +4 ring of protection

@: about to teleport
A: no striking features
a: Renounce Religion, Smiting


You were on level 13 of the Dungeon.
You worshipped Beogh.
Beogh was pleased with you.
You visited 1 branch of the dungeon, and saw 12 of its levels.
You also visited: Ossuary and Bailey.

You collected 460 gold pieces.

Inventory:

Hand Weapons
 a - a +1 war axe (weapon)
 d - a +1 vorpal hand axe
Missiles
 h - 253 stones
 x - 16 boomerangs
 A - 2 throwing nets
 C - 10 poisoned darts
Armour
 b - a +0 pair of gloves (worn)
 c - a +0 buckler (worn)
 i - a +0 plate armour (worn)
 r - a +2 chain mail of fire resistance
 F - a +0 cloak (worn)
Jewellery
 f - a ring of see invisible
 g - a +4 ring of protection
 l - a ring of flight
 v - a +4 ring of protection (right hand)
 w - a +6 ring of dexterity (left hand)
 E - an amulet of regeneration
Wands
 j - a wand of flame (23) (quivered)
 o - a wand of mindburst (14)
Scrolls
 k - a scroll of noise {unknown}
 n - 7 scrolls of teleportation
 p - a scroll of brand weapon
 q - a scroll of enchant weapon
 s - 2 scrolls of fog
 y - a scroll of magic mapping {unknown}
 B - a scroll of fear {unknown}
Potions
 e - 4 potions of curing
 t - 2 potions of magic
 u - a potion of brilliance
 z - a potion of ambrosia
 G - a potion of invisibility {unknown}


   Skills:
 + Level 6.6 Fighting
 - Level 16.0 Axes
 + Level 11.4 Armour
 - Level 5.0 Shields
 + Level 4.3 Evocations


You had 10 spell levels left.
You didn't know any spells.
Your spell library contained the following spells:

 Spells                   Type           Power      Damage    Failure   Level
 Summon Small Mammal      Summ           0%         N/A       99%         1
 Call Canine Familiar     Summ           0%         N/A       100%        3
 Dazzling Flash           Conj/Hex       0%         N/A       100%        3
 Inner Flame              Hex/Fire       0%         N/A       100%        3
 Summon Guardian Golem    Hex/Summ       0%         N/A       100%        3
 Cause Fear               Hex            0%         N/A       100%        4
 Iskenderun's Mystic Bla  Conj/Tloc      0%         2d3       100%        4
 Freezing Cloud           Conj/Ice/Air   0%         6-21      100%        5
 Simulacrum               Ice/Necr       0%         N/A       100%        6
 Starburst                Conj/Fire      0%         6d3       100%        6
 Discord                  Hex            0%         N/A       100%        8
 Polar Vortex             Ice            0%         N/A       100%        9


Dungeon Overview and Level Annotations

Branches:
Dungeon (13/15)            Temple (0/1) D:5         Ossuary (visited)
 Bailey (visited)
   Lair: D:8-11         Orc: D:9-12      Vaults: D:13-14

Altars:
Ashenzari
Okawaru

Shops:
D:5 :


Message History

The meliai is moderately wounded.
The meliai hits you but does no damage. The meliai stings you.
You are poisoned.
The meliai poisons you! You block the meliai's attack. The meliai stings you.
A boulder beetle comes into view.
You barely miss the meliai.
The meliai is moderately wounded.
You slash the meliai!
You feel very sick. The meliai hits you but does no damage.
The meliai stings you but does no damage.
The meliai calls down the wrath of its god upon you.
Something smites you!
An acid dragon comes into view.
The meliai calls down the wrath of its god upon you.
Something smites you!
* * * LOW HITPOINT WARNING * * *
You block the meliai's attack. The meliai barely misses you.
You feel better. The meliai hits you but does no damage.
The meliai barely misses you.
The meliai calls upon its god to heal the meliai.
The meliai is healed somewhat.
The boulder beetle curls into a ball and begins rolling!
The meliai invokes the aid of its god against you.
Something smites you!
* * * LOW HITPOINT WARNING * * *
The meliai hits you with a +0 hand axe.
* * * LOW HITPOINT WARNING * * *
The meliai stings you but does no damage.
Blink to where?
Press: ? - help, Dir - move target
As you read the scroll of blinking, it crumbles to dust.
A centaur comes into view.
The meliai calls down the wrath of its god upon you.
Something smites you!
* * * LOW HITPOINT WARNING * * *
As you read the scroll of teleportation, it crumbles to dust.
You feel strangely unstable.
The centaur wields a +0 shortbow.
The centaur shoots an arrow.
The arrow hits you.
You die...

#.....## #### ###.....###
#..###......###.
#...#......###.[
#######.........####..
#...#...##..##...#...)
####.......####..........
#§#.......## #.#..###...
#..yyy..@..# ##.#####...
#............................
#...##....#.....##.............
## #............#....#........
##...B...D........ .......
#..°............. ........
..°...c........ .......
#.....!.......... ...... ......


You could see a boulder beetle (rolling), an acid dragon, 3 meliai and a
centaur.

Vanquished Creatures
  An ogre mage (D:13)
  3 two-headed ogres
  Pikel (D:9)
  A deep elf pyromancer (D:13)
  2 trolls
  A yak (D:10)
  2 wyverns (D:9)
  A shadow (D:10)
  3 humans (Bailey)
  4 vampire mosquitoes (D:13)
  An acid dragon (D:13)
  2 water moccasins
  Duvessa (D:5)
  A sky beast (D:7)
  2 ice beasts
  A black bear (D:6)
  2 orc warriors
  5 centaurs
  2 lemures (D:8)
  2 ogres
  A phantom (D:7)
  5 bullfrogs
  3 scorpions
  3 wyvern skeletons
  Dowan (D:5)
  5 wights (D:6)
  A howler monkey (D:8)
  A bullfrog zombie (D:5)
  5 centaur zombies
  3 orc priests (D:8)
  3 hounds (D:5)
  2 gnoll shamans
  2 jellies
  3 iguanas
  5 orc wizards
  A killer bee zombie (D:8)
  3 mummies (Ossuary)
  2 howler monkey zombies
  6 adders
  13 gnolls
  2 shadow imps (D:7)
  2 white imps
  3 ufetubi
  3 adder zombies (Ossuary)
  3 worms
  A dart slug (D:1)
  29 orcs
  3 ball pythons
  6 endoplasms
  A giant cockroach (D:2)
  3 gnoll zombies (Ossuary)
  9 hobgoblins
  8 jackals
  6 quokkas
  7 bats
  4 frilled lizards
  8 goblins
  A goblin zombie (Ossuary)
  A hobgoblin zombie (Ossuary)
  2 kobolds (D:1)
  2 kobold zombies (Ossuary)
  4 quokka zombies (Ossuary)
  8 rats
  4 rat zombies (Ossuary)
226 creatures vanquished.

Vanquished Creatures (others)
  An orc (D:7)
  11 fungi (D:10)
  12 plants (D:10)
24 creatures vanquished.

Grand Total: 250 creatures vanquished

Notes
Turn   | Place    | Note
-------+----------+-------------------------------------------
     0 | D:1      | snarfax the Hill Orc Fighter began the quest for the Orb.
     0 | D:1      | Reached XP level 1. HP: 19/19 MP: 1/1
    20 | D:1      | Reached skill level 3 in Axes
    31 | D:1      | Reached XP level 2. HP: 26/26 MP: 2/2
    98 | D:1      | Found a faded altar of an unknown god.
   216 | D:1      | Reached skill level 4 in Axes
   377 | D:1      | Reached XP level 3. HP: 30/31 MP: 3/3
  1139 | D:2      | Reached XP level 4. HP: 39/39 MP: 4/4
  2131 | D:3      | Found a broken altar of Ashenzari.
  2682 | D:4      | Found a sand-covered staircase.
  2686 | Ossuary  | Entered an ossuary
  2704 | Ossuary  | Reached skill level 5 in Axes
  2704 | Ossuary  | Reached XP level 5. HP: 9/45 MP: 5/5
  3887 | D:5      | Entered Level 5 of the Dungeon
  4007 | D:5      | Noticed Dowan
  4007 | D:5      | Noticed Duvessa
  4015 | D:5      | Killed Dowan
  4016 | D:5      | Reached XP level 6. HP: 40/51 MP: 6/6
  4020 | D:5      | Killed Duvessa
  4021 | D:5      | Reached skill level 6 in Axes
  4021 | D:5      | Reached skill level 5 in Shields
  4206 | D:5      | Reached skill level 5 in Armour
  4344 | D:5      | Reached XP level 7. HP: 57/57 MP: 7/7
  4396 | D:5      | Reached skill level 7 in Axes
  4660 | D:5      | Found Byfeoha's Book Shop.
  4746 | D:5      | Found a staircase to the Ecumenical Temple.
  5007 | D:5      | Reached skill level 8 in Axes
  5163 | D:6      | Reached XP level 8. HP: 52/64 MP: 8/8
  5506 | D:6      | Reached skill level 9 in Axes
  5622 | D:6      | Reached skill level 10 in Axes
  6244 | D:6      | Reached skill level 11 in Axes
  6244 | D:6      | Reached XP level 9. HP: 67/70 MP: 9/9
  6388 | D:7      | Found a flagged portal.
  6425 | Bailey   | Entered a bailey
  6530 | Bailey   | Reached skill level 12 in Axes
  6570 | Bailey   | HP: 3/70 [human (5)]
  6570 | Bailey   | HP: 1/70 [human (2)]
  7052 | D:7      | Became a worshipper of Beogh the Brigand
  7261 | D:7      | Noticed a troll
  7280 | D:7      | Killed a troll
  7627 | D:7      | Reached skill level 13 in Axes
  8172 | D:8      | Reached XP level 10. HP: 62/77 MP: 10/10
  8325 | D:8      | Reached * piety under Beogh
  8361 | D:8      | Reached skill level 14 in Axes
  8659 | D:8      | Noticed a two-headed ogre
  8676 | D:8      | Killed a two-headed ogre
  8677 | D:8      | Reached skill level 10 in Armour
  9492 | D:9      | Reached skill level 15 in Axes
  9897 | D:9      | Reached skill level 1 in Evocations
  9931 | D:9      | Noticed Pikel
  9964 | D:9      | Killed Pikel
  9964 | D:9      | Reached ** piety under Beogh
 10036 | D:10     | Entered Level 10 of the Dungeon
 10036 | D:10     | Found an iron altar of Okawaru.
 10306 | D:10     | Reached skill level 5 in Fighting
 10363 | D:10     | You fall into a shaft and drop 3 floors!
 10384 | D:13     | Noticed a deep elf pyromancer
 10394 | D:13     | Killed a deep elf pyromancer
 10395 | D:13     | Reached skill level 16 in Axes
 10395 | D:13     | Reached XP level 11. HP: 20/88 MP: 11/11
 10847 | D:12     | Noticed an ogre mage
 10847 | D:12     | Noticed a two-headed ogre
 10847 | D:12     | Noticed a two-headed ogre
 10847 | D:12     | Noticed a two-headed ogre
 10847 | D:12     | Noticed a two-headed ogre
 10847 | D:12     | Noticed a two-headed ogre
 10847 | D:12     | Noticed a two-headed ogre
 10863 | D:13     | Killed an ogre mage
 10865 | D:13     | Killed a two-headed ogre
 11078 | D:13     | Noticed a two-headed ogre
 11089 | D:13     | Killed a two-headed ogre
 11266 | D:13     | Noticed a boulder beetle
 11269 | D:13     | HP: 4/91 [meliai/divine providence (11)]
 11270 | D:13     | Shot with an arrow by a centaur

Illustrated notes

Levels and vault maps discovered:
D:1:      scummos_arrival_simple_fountains, layout_rooms,
          ebering_ecumenical_altar_rust
D:2:      layout_basic
D:3:      layout_loops_ring, mainiacjoe_overflow_tiny_flanked
D:4:      layout_basic, nicolae_ossuary_entry_false_entrances
D:5:      layout_loops_cross, minmay_temple_entry_arrows, serial_shops,
          nicolae_diamond_shop, minmay_misc_feat_doors, uniq_duvessa
D:6:      layout_rooms, minivault_25
D:7:      layout_basic, enter_bailey_5, minmay_fractal_squares_gapless_5
D:8:      layout_loops_ring
D:9:      layout_long_grid, grunt_decor_resistance, uniq_pikel
D:10:     layout_gridville, mainiacjoe_overflow_boulevard,
          grunt_lair_entry_orc_guard_hut
D:12:     layout_long_grid
D:13:     layout_cave_pools, grunt_ministairs_5

Skill      XL: |  1  2  3  4  5  6  7  8  9 10 11 |
---------------+----------------------------------+-----
Axes           | 3 4 5 6 8 11 13 16 | 16.0
Shields        | 4 5 |  5.0
Armour         | 4 5 6 8 9 10 11 | 11.4
Fighting       | 5 6 |  6.6
Evocations     | 2 4 |  4.3

Action                   |  1- 3 |  4- 6 |  7- 9 | 10-12 || total
-------------------------+-------+-------+-------+-------++-------
Melee: War axe           |   108 |   158 |   308 |   272 ||   846
       Hand axe          |       |       |    27 |       ||    27
Invok: Convert to Beogh  |       |       |     1 |       ||     1
Evoke: Wand              |       |       |     4 |    10 ||    14
  Use: Scroll            |     2 |     4 |     4 |     6 ||    16
       Potion            |       |     2 |     6 |     2 ||    10
Armor: Scale mail        |    38 |       |       |       ||    38
       Plate armour      |    33 |    31 |   119 |   153 ||   336
       Chain mail        |       |    44 |    87 |       ||   131
Dodge: Dodged            |    45 |    57 |   106 |    67 ||   275
Block: Buckler           |    21 |    35 |    77 |    67 ||   200

Table legend: (Time is in decaauts)
 A = Elapsed time spent in this place.
 B = Non-inter-level travel time spent in this place.
 C = Inter-level travel time spent in this place.
 D = Time resting spent in this place.
 E = Time spent auto-exploring this place.
 F = Levels seen in this place.
 G = Mean time per level.
                   A        B        C        D        E       F      G
               +--------+--------+--------+--------+--------+-----+--------+
         Total |  11285 |  11107 |    178 |   1907 |   6890 |  14 |  806.1 |
       Dungeon |  10549 |  10371 |    178 |   1489 |   6832 |  12 |  879.1 |
       Ossuary |    592 |    592 |      0 |    350 |     58 |   1 |  592.0 |
        Bailey |    144 |    144 |      0 |     68 |      0 |   1 |  144.0 |
               +--------+--------+--------+--------+--------+-----+--------+

Top non-repeatable levels by time:
     D:7: 1618 daAuts
     D:5: 1282 daAuts
     D:6: 1188 daAuts
     D:2: 1160 daAuts
     D:9: 978 daAuts
    D:13: 903 daAuts
     D:3: 896 daAuts
     D:8: 892 daAuts
     D:4: 802 daAuts
 Ossuary: 592 daAuts
     D:1: 508 daAuts
    D:10: 315 daAuts
  Bailey: 144 daAuts
    D:12: 1 daAuts
